 Dungeon Crawl Stone Soup version 0.20.1-1-g8b1a95d (webtiles) character file.

130 Kaziem the Poker (level 5, -4/38 HPs)
             Began as a Merfolk Skald on Sept 15, 2017.
             Killed from afar by an orc wizard (12 damage)
             ... with a puff of flame
             ... on level 3 of the Dungeon.
             The game lasted 00:14:16 (2249 turns).

Kaziem the Poker (Merfolk Skald)                    Turns: 2249, Time: 00:14:17

Health: -4/38      AC:  3    Str: 12    XL:     5   Next: 13%
Magic:  2/8        EV: 12    Int: 12    God:
Gold:   113        SH:  0    Dex: 14    Spells: 7/8 levels left

rFire    . . .     SeeInvis .   u - +0 trident
rCold    . . .     Gourm    .   (no shield)
rNeg     . . .     Faith    .   b - +0 leather armour
rPois    .         Spirit   .   (no helmet)
rElec    .         Reflect  .   (no cloak)
rCorr    .         Harm     .   (no gloves)
MR       .....                  (no boots)
Stlth    +.........             (no amulet)
Regen    0.2/turn               (no ring)
MPRegen  0.2/turn               (no ring)

@: infused, hasted, very quick
A: change form in water, swift swim, stealthy swim
a: no special abilities


You were on level 3 of the Dungeon.
You were hungry.

You visited 1 branch of the dungeon, and saw 3 of its levels.

You collected 113 gold pieces.

Inventory:

Hand Weapons
 a - a +0 spear
 j - a +0 dagger of speed
 u - a +0 trident (weapon)
 v - a +3 dagger
Missiles
 g - 7 poisoned needles
 i - 2 needles of frenzy
 w - 6 arrows
Armour
 b - a +0 leather armour (worn)
Wands
 s - a wand of digging (15/24)
Scrolls
 e - a scroll of noise {unknown}
 h - 2 scrolls of teleportation {unknown}
 l - a scroll of magic mapping {unknown}
 m - 7 scrolls of identify {unknown}
 n - 4 scrolls of remove curse {unknown}
 o - 2 scrolls of immolation {unknown}
 q - a scroll of recharging {unknown}
 r - 2 scrolls of amnesia {unknown}
 t - a scroll of random uselessness {unknown}
 x - a scroll of enchant armour {unknown}
Potions
 k - a potion of haste
Books
 c - a book of Battle

   Spells                             Type                      Level
   a - Infusion                       Charms                       1
   b - Shroud of Golubria             Charms/Translocation         2
   c - Song of Slaying                Charms                       2
   d - Spectral Weapon                Hexes/Charms                 3
   e - Regeneration                   Charms/Necromancy            3
Comestibles
 d - 3 bread rations
 f - a fruit
 p - a meat ration


   Skills:
 - Level 2.1 Fighting
 * Level 7.2 Polearms
 - Level 0.6 Armour
 - Level 2.8 Dodging
 - Level 2.1 Spellcasting
 - Level 3.4 Charms


You had 7 spell levels left.
You knew the following spells:

 Your Spells              Type           Power        Failure   Level  Hunger
a - Infusion              Chrm           #...         9%          1    ##.....


Dungeon Overview and Level Annotations

Branches:
Dungeon (3/15)

Altars:
Okawaru
Vehumet
Xom
Yredelemnul
Zin
The Shining One


Message History

Casting: Infusion
Confirm with . or Enter, or press ? or * to list all spells.
You extend your infusion's duration.
The orc wizard hits you but does no damage.
You closely miss the orc wizard.
The orc wizard is heavily wounded.
The orc wizard hits you but does no damage.
You closely miss the orc wizard.
The orc wizard is heavily wounded.
The orc wizard closely misses you.
You closely miss the orc wizard.
The orc wizard is heavily wounded.
The orc wizard barely misses you.
You barely miss the giant cockroach. The giant cockroach bites you.
* * * LOW HITPOINT WARNING * * *
The giant cockroach closely misses you.
You feel yourself speed up.
The orc wizard points at you and mumbles some strange words.
The puff of flame hits you!
You die...

.............# #####.............
.....♣♣♣....[# #.......#...#..###
####♣..♣♣♣...###.####.###.###.###
..♣ ♣...).........#...#.....
....♣♣#####........._.......
....♣ ♣##...####..#...#...##
♣.P♣..♣..........###.###....
P♣P.♣♣##...###...#...#.l###
♣....@..##............
♣♣....so.##.##.####.###
♣.......$##.....†......
#.._.....#####.##......
.............†...#.#.##.
##......(......#.#.#.##.
######........#.#.#.##.
#[.......#.#.#.##.
#........#.#.#.##.


You could see an orc wizard and a giant cockroach.

Vanquished Creatures
  A bullfrog (D:3)
  2 adders (D:2)
  2 worms
  A leopard gecko (D:3)
  An orc (D:3)
  A ball python (D:3)
  9 bats
  4 giant cockroaches
  6 goblins
  A hobgoblin (D:2)
  8 kobolds
  5 frilled lizards
  2 rats
43 creatures vanquished.

Notes
Turn   | Place    | Note
-------+----------+-------------------------------------------
     0 | D:1      | Kaziem the Merfolk Skald began the quest for the Orb.
     0 | D:1      | Reached XP level 1. HP: 16/16 MP: 3/3
   571 | D:1      | Reached XP level 2. HP: 22/22 MP: 5/5
   592 | D:1      | Found a shimmering altar of Xom.
   835 | D:1      | Reached skill level 4 in Polearms
  1215 | D:2      | Reached XP level 3. HP: 27/27 MP: 6/6
  1354 | D:2      | Reached skill level 5 in Polearms
  1417 | D:2      | Found a glowing golden altar of the Shining One.
  1768 | D:3      | Found a radiant altar of Vehumet.
  1907 | D:3      | Reached XP level 4. HP: 10/33 MP: 1/7
  2021 | D:3      | Found a basalt altar of Yredelemnul.
  2205 | D:3      | Reached skill level 6 in Polearms
  2211 | D:3      | Noticed a bullfrog
  2219 | D:3      | Killed a bullfrog
  2219 | D:3      | Reached skill level 7 in Polearms
  2219 | D:3      | Reached XP level 5. HP: 22/38 MP: 4/8
  2223 | D:3      | Found an iron altar of Okawaru.
  2224 | D:3      | Found a glowing silver altar of Zin.
  2249 | D:3      | Killed from afar by an orc wizard

Skill      XL: |  1  2  3  4 |
---------------+-------------+-----
Polearms       | 4 5 7 |  7.2
Fighting       | |  2.1
Armour         | |  0.6
Dodging        | |  2.8
Spellcasting   | |  2.1
Charms         | |  3.4

Action                   |  1- 3 |  4- 6 || total
-------------------------+-------+-------++-------
Melee: Spear             |   136 |    20 ||   156
       Trident           |       |    31 ||    31
 Cast: Infusion          |    12 |     4 ||    16
Evoke: Wand              |     1 |       ||     1
  Use: Potion            |     3 |     1 ||     4
       Scroll            |     1 |       ||     1
  Eat: Fruit             |     2 |       ||     2
       Royal jelly       |     1 |       ||     1
Armor: Leather armour    |    38 |     6 ||    44
Dodge: Dodged            |   113 |    36 ||   149
